 Dungeon Crawl Stone Soup version 0.30-a0-1157-g2cc9ac7196 (webtiles) character file.

Game seed: 15528868921275797911

346 iamoutofideas the Chopper (level 6, 0/50 (53) HPs)
             Began as a Hill Orc Monk on Apr 24, 2023.
             Slain by an ogre
             ... wielding a +0 giant spiked club
              (37 damage)
             ... on level 4 of the Dungeon.
             The game lasted 00:03:53 (3526 turns).

iamoutofideas the Chopper (Hill Orc Monk)           Turns: 3526, Time: 00:03:53

HP:   0/50 (53)     AC:  6    Str: 16    XL:     6   Next: 59%
MP:   6/6           EV: 11    Int: 10    God:
Gold: 161           SH:  3    Dex: 13    Spells: 5/5 levels left

rFire   . . .        a - +0 hand axe
rCold   . . .        e - +0 buckler
rNeg    . . .        r - +0 ring mail
rPois   .            u - +0 helmet
rElec   .            c - scarf {harm}
rCorr   .            (no gloves)
SInv    .            (no boots)
Will    .....        (no amulet)
Stlth   +            (no ring)
HPRegen 0.28/turn    (no ring)
MPRegen 0.10/turn

%: harm (+30% outgoing, +20% incoming)
@: drained
A: no striking features
a: no special abilities


You were on level 4 of the Dungeon.
You visited 1 branch of the dungeon, and saw 4 of its levels.

You collected 161 gold pieces.

Inventory:

Hand Weapons
 a - a +0 hand axe (weapon)
 o - a +0 war axe
Armour
 c - a scarf of harm (worn)
 d - an orb of light
 e - a +0 buckler (worn)
 r - a +0 ring mail (worn)
 u - a +0 helmet (worn)
Scrolls
 f - a scroll of fear {unknown}
 g - a scroll of acquirement {unknown}
 h - 5 scrolls of identify {unknown}
 i - a scroll of vulnerability {unknown}
 l - a scroll of enchant armour {unknown}
 m - 2 scrolls of enchant weapon {unknown}
 n - 2 scrolls of blinking {unknown}
 t - a scroll of teleportation {unknown}
Potions
 b - 3 potions of curing {unknown}
 j - a potion of haste {unknown}
 k - a potion of invisibility {unknown}
 p - a potion of degeneration {unknown}
 q - a potion of mutation {unknown}
 s - a potion of cancellation {unknown}


   Skills:
 + Level 4.5 Fighting
 * Level 7.8 Axes
 + Level 1.9 Armour
 + Level 3.1 Dodging
 + Level 0.6 Shields


You had 5 spell levels left.
You didn't know any spells.
Your spell library contained the following spells:

 Spells                   Type           Power      Damage    Failure   Level
 Sublimation of Blood     Necr           0%         N/A       82%         2
 Wereblood                Tmut           0%         N/A       82%         2
 Summon Hydra             Summ           0%         N/A       100%        7


Dungeon Overview and Level Annotations

Branches:
Dungeon (4/15)
 Temple: D:4-7

Altars:
Hepliaklqana
The Shining One


Message History

You hit something.
Reactivating autopickup.
You feel a bit more experienced.
You closely miss the goblin. You block the goblin's attack.
You hit the goblin.
You kill the goblin!
You hit the orc but do no damage. The orc completely misses you.
You slash the orc!
You kill the orc!
You slash the kobold!
You kill the kobold!
You barely miss the ball python. You block the ball python's attack.
The ball python grabs you. The ball python constricts you.
You hit the ball python.
The ball python is moderately wounded.
The ball python closely misses you. The ball python constricts you.
You hit the ball python.
You kill the ball python!
h - 5 scrolls labelled UTUKITRUTAEN (gained 1)
Items here: ))))) [ †††.
Found an escape hatch in the floor.
You now have 161 gold pieces (gained 14).
Key pressed, stopping explore.
No target in view!
There is an escape hatch in the floor here.
Found a stone staircase leading up.
No target in view!
There is a stone staircase leading up here.
An ogre comes into view. It is wielding a +0 giant spiked club.
Found a sapphire potion.
You hit the ogre.
The ogre is moderately wounded.
The ogre hits you with a +0 giant spiked club!
You hit the ogre.
The ogre is moderately wounded.
You hit the ogre.
The ogre is moderately wounded.
The ogre hits you with a +0 giant spiked club!!
Ouch! That really hurt!
You die...

#.## #... ###. ### #.
#####.. .######.
.!.#.####### ........
#.###.......... .######.
#......O...# .######. #
#@# . ........
#.#######.#######...#####.
#................ #...)...
####.#.##.#######...###.##
#.....##.# # #.#
#.....##.. #.##
#.....##### #... #.....#
##.# #....<# #.#


You could see an ogre.

Vanquished Creatures
  A scorpion (D:4)
  A hound (D:4)
  A sleepcap (D:4)
  An orc wizard (D:4)
  An iguana (D:3)
  5 adders
  4 gnolls
  2 worms (D:2)
  A dart slug (D:3)
  3 orcs
  12 ball pythons
  4 bats
  10 endoplasms
  4 giant cockroaches
  7 goblins
  8 hobgoblins
  2 jackals (D:1)
  7 kobolds
  3 quokkas
  A frilled lizard (D:1)
  8 rats
86 creatures vanquished.

Notes
Turn   | Place    | Note
-------+----------+-------------------------------------------
     0 | D:1      | iamoutofideas the Hill Orc Monk began the quest for the
                  | Orb.
     0 | D:1      | Reached XP level 1. HP: 19/19 MP: 1/1
    46 | D:1      | Reached XP level 2. HP: 20/27 MP: 2/2
   376 | D:1      | Reached XP level 3. HP: 26/33 MP: 3/3
   513 | D:1      | Reached skill level 5 in Axes
   892 | D:2      | Found a faded altar of an unknown god.
  1386 | D:2      | Reached XP level 4. HP: 34/40 MP: 4/4
  1769 | D:1      | Reached skill level 6 in Axes
  2361 | D:2      | Reached XP level 5. HP: 46/46 MP: 5/5
  2492 | D:3      | Reached skill level 1 in Armour
  2671 | D:3      | Found a hazy altar of Hepliaklqana.
  2820 | D:3      | Found a glowing golden altar of the Shining One.
  3126 | D:4      | Reached skill level 7 in Axes
  3126 | D:4      | Reached XP level 6. HP: 52/53 MP: 6/6
  3526 | D:4      | Slain by an ogre

Illustrated notes

Levels and vault maps discovered:
D:1:      pf_arrival_petrified_forest, layout_loops_ring, minmay_misc_feat_room
D:2:      layout_loops_ring, shapermc_ecumenical_altar_acropolis,
          feat_on_display
D:3:      layout_loops_ring, mainiacjoe_overflow_cross_hatched, tso_metal_star,
          st_stairs_11
D:4:      minmay_diamond_boxcup, layout_loops_ring, minmay_temple_entry_hall

Skill      XL: |  1  2  3  4  5 |
---------------+----------------+-----
Fighting       | 4 |  4.5
Axes           | 5 6 7 |  7.8
Armour         | 1 |  1.9
Dodging        | 3 |  3.1
Shields        | |  0.6

Action                     |  1- 3 |  4- 6 || total
---------------------------+-------+-------++-------
  Melee: Hand axe          |   101 |   182 ||   283
    Use: Potion            |       |     1 ||     1
 Armour: Robe              |    15 |       ||    15
         Ring mail         |     4 |    65 ||    69
  Dodge: Dodged            |    57 |   118 ||   175
  Block: Buckler           |    15 |    31 ||    46

Table legend: (Time is in decaauts)
 A = Elapsed time spent in this place.
 B = Non-inter-level travel time spent in this place.
 C = Inter-level travel time spent in this place.
 D = Time resting spent in this place.
 E = Time spent auto-exploring this place.
 F = Levels seen in this place.
 G = Mean time per level.
                   A        B        C        D        E       F      G
               +--------+--------+--------+--------+--------+-----+--------+
         Total |   3540 |   3352 |    188 |    657 |   1966 |   4 |  885.0 |
       Dungeon |   3540 |   3352 |    188 |    657 |   1966 |   4 |  885.0 |
               +--------+--------+--------+--------+--------+-----+--------+

Top non-repeatable levels by time:
     D:1: 1259 daAuts
     D:2: 1224 daAuts
     D:3: 645 daAuts
     D:4: 411 daAuts
